Unix xNetHack Version 8.0.0 - last build Jan 14 2024 16:46:22 (be4d3c81716514284228e1a23197c27ddb32b841). Game began 2024-03-13 20:57:25, ended 2024-03-13 21:22:08. Okoto, chaotic female elven Wizard ---------------- |.<............| |..............| ---------------- |..............| |..............| -.---------|---- #...............| ##########% #|...%..........| ## # #|..%....%......| # # #-----.---------- % #### ## ### ##### ## # # # # ### ## # # # # # # ----.-- # ### # |.....| # ##@ # |.....| # ---u------- # |.....-## |..........## |.....| |.........| ------- ------.---- Okoto the Conjurer St:11 Dx:14 Co:15 In:13 Wi:10 Ch:12 Chaotic S:548 Dlvl:4 $:26 HP:0(25) Pw:42(42) AC:5 Xp:4/93 T:1375 Latest messages: The rock misses the floating eye. In what direction? k The rock misses the floating eye. In what direction? k The rock misses the floating eye. In what direction? k The rock misses the floating eye. In what direction? k The rock misses the floating eye. In what direction? k The rock hits the floating eye. You have no ammunition readied. What do you want to fire? [- $k or ?*] Never mind. In what direction? k The spell hits the floating eye! You kill the floating eye! You swap places with your kitten. l - 2 elven daggers (at the ready) {20}. v - 8 rocks {80}. You miss the pony. The pony kicks! The pony bites! In what direction? k The spell hits the pony. The pony kicks! The pony bites! The pony kicks! The pony bites! You swap places with your kitten. You see here a floating eye corpse. The kitten bites the pony. The pony misses the kitten. The pony misses the kitten. The pony kicks! The pony misses! The kitten misses the pony. The kitten bites the pony. The pony misses the kitten. The pony misses the kitten. The pony kicks! The pony bites! The pony kicks! The pony bites! You die... Do you want your possessions identified? [ynq] (y) n Do you want to see your attributes? [ynq] (y) n Do you want an account of creatures vanquished? [ynaq] (y) n Do you want to see your conduct and achievements? [ynq] (y) n Do you want to see the dungeon overview? [ynq] (y) n Inventory: Inventory: 676/700 weight (22/52 slots) Coins $ - 26 gold pieces {1} Weapons l - 2 +0 elven daggers (at the ready) {20} k - a +0 wooden knife {1} a - a blessed +1 quarterstaff (weapon in hands) {40} Armor b - an uncursed +0 cloak of magic resistance (being worn) {8} q - an uncursed +0 oilskin cloak {10} m - an uncursed +0 mithril elven ring mail (being worn) {88} Comestibles w - an uncursed food ration {20} i - 7 uncursed lichen corpses {140} Scrolls t - an uncursed scroll of light {5} Spellbooks e - an uncursed spellbook of detect monsters {45} c - a blessed spellbook of force bolt {35} u - an uncursed spellbook of healing {35} f - an uncursed spellbook of knock {35} d - a blessed spellbook of magic missile {40} Potions n - an uncursed potion of acid {20} o - a cursed potion of blindness {20} Wands h - a wand of lightning (0:7) {7} Tools g - an uncursed bugle {10} p - an uncursed leash (attached to the kitten) {12} r - an uncursed lock pick {4} Gems/Stones j - an uncursed worthless piece of orange glass {1} v - 8 uncursed rocks {80} Okoto the Wizard's attributes: Background: You were a Conjurer, a level 4 female elven Wizard. You were chaotic, on a mission for Anhur who was opposed by Ptah (lawful) and Thoth (neutral). You were heterosexual. You were in the Dungeons of Doom, on level 4. You entered the dungeon 1375 turns ago. You had 93 experience points, 67 more were needed to attain level 5. Your score was 548 before end-of-game adjustments. Basics: You had 0 out of 25 hit points. You had all 42 energy points (spell power). Your armor class was 5. Your wallet contained 26 zorkmids. Autopickup was off. Final Characteristics: Your strength was 11 (limit:18). Your dexterity was 14 (limit:18). Your constitution was 15 (limit:16). Your intelligence was 13 (limit:20). Your wisdom was 10 (limit:20). Your charisma was 12 (limit:18). Final Status: You were not hungry. You were unencumbered. You were wielding a quarterstaff. You had basic skill with quarterstaff. Final Attributes: You were devoutly aligned. You were magic-protected. You were sleep resistant. You were telepathic. You had infravision. You were guarded. You are dead. Miscellaneous: You never encountered a bones level. Total elapsed playing time was 24 minutes and 42 seconds. Major events: Turn 1: Okoto the chaotic female elven Wizard entered the dungeon 600: attained the rank of Conjurer (level 3) 1375: killed by a pony Vanquished creatures: a little dog 3 floating eyes 2 iguanas a coyote 2 hobbits a manes a large kobold a red mold 4 geckos 2 jackals a fox a goblin 2 grid bugs 7 lichens a kobold zombie 7 newts 37 creatures vanquished. No species were genocided or became extinct. Voluntary challenges: You read items or engraved 2 times. You never genocided any monsters. You never polymorphed an object. You never changed form. You never touched an artifact. You used no wishes. You never scared an enemy with impunity. You were celibate. You never generated conflict. Achievement: You attained the rank of Conjurer. Dungeon overview: The Dungeons of Doom: levels 1 to 4 Level 1: Level 2: Level 3: Level 4: <- You were here. Final resting place for you, killed by a pony. Game over: __________ / \ / REST \ / IN \ / PEACE \ / \ | Okoto | | 26 Au | | killed by a pony | | | | | | | | 2024 | *| * * * | * _________)/\\_//(\/(/\)/\//\/|_)_______ Goodbye Okoto the Wizard... You died in The Dungeons of Doom on dungeon level 4 with 546 points, and 26 pieces of gold, after 1375 moves. You were level 4 with a maximum of 25 hit points when you died.